Login

Anaheim Ducks vs San Jose Sharks (R1)

Created - 08 April 2024 at 23:08

Goals
1 2 3 T
Anaheim Ducks 0 3 2 5
San Jose Sharks 1 1 4 6
Shots
1 2 3 T
Anaheim Ducks 6 17 15 38
San Jose Sharks 6 14 19 39

GoalsPenalties
1st period
1. San Jose Sharks , Mike Hoffman 1 (Rasmus Dahlin 5, Fabian Zetterlund 3) at 1:49
Nikita Okhotiuk (SJS) for Hooking (Minor) at 5:49
Ross Johnston (ANA) for Hooking (Minor) at 10:34
Ross Johnston (ANA) for Roughing (Minor) at 13:56
2nd period
2. San Jose Sharks , Kevin Labanc 3 (Logan Couture 12, Alexander Barabanov 7) at 8:07 (PP)
3. Anaheim Ducks , Adam Henrique 12 (Andrew Agozzino 3, Frank Vatrano 10) at 9:47
4. Anaheim Ducks , Alex Killorn 8 (Troy Terry 15, Cam Fowler 7) at 15:48
5. Anaheim Ducks , Alex Killorn 9 (Troy Terry 16) at 18:28
Andrew Agozzino (ANA) for Interference (Minor) at 0:19
Rasmus Dahlin (SJS) for Tripping (Minor) at 4:17
Radko Gudas (ANA) for Interference (Minor) at 7:05
Max Jones (ANA) for Delaying the game (Minor) at 11:45
3rd period
6. San Jose Sharks , Danil Gushchin 6 (Rasmus Dahlin 6) at 3:19
7. Anaheim Ducks , Troy Terry 7 (Ryan Strome 6, Alex Killorn 5) at 7:41 (PP)
8. San Jose Sharks , Luke Kunin 3 (Nico Sturm 3) at 14:37
9. San Jose Sharks , Rasmus Dahlin 5 (Logan Couture 13) at 17:38 (PP)
10. San Jose Sharks , Logan Couture 4 (Kevin Labanc 1) at 17:47 (PP)
11. Anaheim Ducks , Alex Killorn 10 (Troy Terry 17) at 18:36
Rasmus Dahlin (SJS) for High sticking (Minor) at 6:40
Radko Gudas (ANA) for Roughing (Double Minor) at 8:04
Ryan Strome (ANA) for High sticking (Minor) at 12:28
Radko Gudas (ANA) for Slashing (Minor) at 16:38
Frank Vatrano (ANA) for Cross-checking (Minor) at 17:36
Goalie Stats
John Gibson (ANA), 33 saves from 39 shots - (0.846), L, 9-5-0, 59:21 minutes
Martin Jones (SJS), 33 saves from 38 shots - (0.868), W, 3-3-1, 60:00 minutes
3 StarsOfficial
1 - Alex Killorn (ANA)
2 - Troy Terry (ANA)
3 - Logan Couture (SJS)
Referees : Reid Anderson and Dean Morton
Linesman : Shandor Alphonso and Steven Walsh
Game Note
Mike Hoffman is injured at 2:31 of 2nd period (Sprained Left Knee)
9:58 of 2nd period - San Jose Sharks goal is going for a video replay. After video review, No Goal. The net was displaced accidentally.
Alex Killorn has scored a Hat Trick!
Finance
Level 1 -- Attendance: 5900 (98.33%) -- Ticket Income $590,000
Level 2 -- Attendance: 4757 (95.14%) -- Ticket Income $285,420
Level 3 -- Attendance: 1755 (87.75%) -- Ticket Income $61,425
Level 4 -- Attendance: 3767 (94.18%) -- Ticket Income $94,175
Luxury Box -- Attendance: 978 (97.80%) -- Ticket Income $195,600
Game was played at the SAP Center.
Total Attendance: 17157 (95.32%)
Total Ticket Income: $1,226,620
Other Income: $601,044
Total Income: $1,827,664



Team Name Goals Shots Shots Attemp Shots Blocked PIM HIT PP PK FO%
Anaheim Ducks 53869620181 / 3 (33%)340%
San Jose Sharks 6396096253 / 10 (30%)160%

Anaheim Ducks
Player Name POS G A P +/- PIM HIT SHT SB MP PP MP PP SHT PK MP PK SHT FO% FOT GA TA
Adam HenriqueC1011001017:512:0706:03041% 2201
Alex KillornLW3142006017:122:4210:00034% 2900
Andrew AgozzinoLW0111232017:142:0005:161100% 100
Brendan GallagherRW000000006:160:1200:3800% 000
Brock McGinnLW000-100208:400:0000:0000% 000
Cam FowlerD0112004030:293:1919:4100% 001
Frank VatranoRW0111226020:481:5718:59038% 1610
Ilya LyubushkinD000-1030019:221:4005:3500% 001
Isac LundestromC000-101006:540:1000:5300% 200
Jakob SilfverbergRW000-100308:400:0000:0000% 011
Max JonesLW000021005:410:0000:0100% 010
Michael StoneD000-1000020:321:4007:1400% 001
Nathan BeaulieuD0000000212:130:0002:1700% 002
Radko GudasD0002833126:243:1915:5600% 001
Ross JohnstonLW0001412016:480:0001:4000% 000
Ryan StromeC011-2213011:452:5900:09067% 920
Troy TerryRW1342036326:352:5019:0600% 100
Urho VaakanainenD0000000010:200:0000:4900% 001
San Jose Sharks
Player Name POS G A P +/- PIM HIT SHT SB MP PP MP PP SHT PK MP PK SHT FO% FOT GA TA
Alexander BarabanovLW011-1024023:268:2013:1900% 111
Danil GushchinLW101-10210020:046:5331:4000% 120
Ethan BearD000-1001021:495:4103:0700% 001
Fabian ZetterlundLW0110021010:470:5200:0000% 100
Filip ZadinaRW000000109:350:0000:0000% 000
Givani SmithRW000101006:560:5300:0000% 000
Jan RuttaD0000000112:410:2500:4600% 000
Jesse YlonenRW000-1000217:476:5300:000100% 100
Kevin LabancRW112-1032024:118:1910:00056% 900
Logan CoutureC123-2038223:458:2033:19071% 4900
Luke KuninC101101206:350:5000:0000% 110
Marc-Edouard VlasicD0000020026:479:5902:2300% 000
Mario FerraroD000-1052121:185:4102:3600% 001
Mikael GranlundC000-1011119:406:5311:23043% 1411
Mike HoffmanC101100215:090:0200:170100% 110
Nico SturmC011100006:290:0000:0000% 201
Nikita OkhotiukD0000220112:010:2500:0000% 010
Rasmus DahlinD1230415025:589:5941:0600% 020

Anaheim Ducks

5 vs 5 Forward
Line #Left WingCenterRight WingPHYDFOFWanted %Time %Time Play
1Ross JohnstonAlex KillornTroy Terry1224038%14:27
2Andrew AgozzinoAdam HenriqueFrank Vatrano1223025%9:26
3Brock McGinnRyan StromeJakob Silfverberg1222023%8:40
4Max JonesIsac LundestromBrendan Gallagher1221014%5:22
5 vs 5 Defense
Line #DefenseDefensePHYDFOFWanted %Time %Time Play
1Radko GudasCam Fowler1224043%16:23
2Ilya LyubushkinMichael Stone1223031%11:38
3Nathan BeaulieuUrho Vaakanainen1222025%9:31
4Radko GudasCam Fowler122101%0:23
Power Play Forward
Line #Left WingCenterRight WingPHYDFOFWanted %Time %Time Play
1Ryan StromeAlex KillornTroy Terry1226061%3:02
2Andrew AgozzinoAdam HenriqueFrank Vatrano1224039%1:57
Power Play Defense
Line #DefenseDefensePHYDFOFWanted %Time %Time Play
1Radko GudasCam Fowler1226067%3:19
2Ilya LyubushkinMichael Stone1224033%1:40
Penalty Kill 4 Players Forward
Line #CenterWingPHYDFOFWanted %Time %Time Play
1Frank VatranoTroy Terry1226074%11:55
2Adam HenriqueAndrew Agozzino1224026%4:08
Penalty Kill 4 Players Defense
Line #DefenseDefensePHYDFOFWanted %Time %Time Play
1Radko GudasCam Fowler1226070%11:15
2Ilya LyubushkinMichael Stone1224030%4:48
Penalty Kill 3 Players
Line #WingPHYDFOFWanted %Time %Time PlayDefenseDefensePHYDFOFWanted %Time %Time Play
1Frank Vatrano12260100%0:02 Radko GudasCam Fowler12260100%0:02
2Adam Henrique122400%0:00 Ilya LyubushkinMichael Stone122400%0:00
4 vs 4 Forward
Line #CenterWingPHYDFOFWanted %Time %Time Play
1Troy TerryFrank Vatrano122600%0:00
2Adam HenriqueAndrew Agozzino122400%0:00
4 vs 4 Defense
Line #DefensePHYDFOFWanted %Time %Time Play
1Radko GudasNathan Beaulieu122600%0:00
2Ilya LyubushkinMichael Stone122400%0:00
Last Minutes Offensive
Left WingCenterRight WingDefenseDefense
Ross JohnstonAlex KillornTroy TerryRadko GudasCam Fowler
Last Minutes Defensive
Left WingCenterRight WingDefenseDefense
Ross JohnstonAlex KillornTroy TerryRadko GudasCam Fowler
Time
Total ForwardTotal DefenseLast Minutes OffensiveLast Minutes Defensive
60:00 60:00 1:010:00
Extra Forwards
Normal PowerPlayPenalty Kill
Frank Vatrano, Ryan Strome, Jakob SilfverbergFrank Vatrano, Ryan StromeFrank Vatrano
Extra Defensemen
Normal PowerPlayPenalty Kill
Michael Stone, Nathan Beaulieu, Urho VaakanainenMichael Stone, Michael StoneNathan Beaulieu
Penalty Shots
Andrew Agozzino, Troy Terry, Ross Johnston, Adam Henrique, Frank Vatrano
Goalie
John Gibson, Alex Stalock
Custom OT Lines Forwards
Ross Johnston, Troy Terry, Alex Killorn, Adam Henrique, Frank Vatrano, Ryan Strome, Jakob Silfverberg, Andrew Agozzino, Brock McGinn, Brendan Gallagher
Custom OT Lines Defensemen
Radko Gudas, Urho Vaakanainen, Ilya Lyubushkin, Michael Stone, Nathan Beaulieu
Scratches
Robert Hagg (Sprained Right Knee Injury), Dmitry Kulikov (Herniated Disc Injury), Trevor Zegras (Exhaustion)

San Jose Sharks

5 vs 5 Forward
Line #Left WingCenterRight WingPHYDFOFWanted %Time %Time Play
1Alexander BarabanovLogan CoutureKevin Labanc1223531%11:41
2Danil GushchinMikael GranlundJesse Ylonen1223029%10:56
3Fabian ZetterlundMike HoffmanFilip Zadina1222325%9:35
4Luke KuninNico SturmGivani Smith1221215%5:43
5 vs 5 Defense
Line #DefenseDefensePHYDFOFWanted %Time %Time Play
1Rasmus DahlinMarc-Edouard Vlasic1223234%12:56
2Mario FerraroEthan Bear1223234%13:01
3Jan RuttaNikita Okhotiuk1222930%11:16
4Rasmus DahlinMarc-Edouard Vlasic12272%0:42
Power Play Forward
Line #Left WingCenterRight WingPHYDFOFWanted %Time %Time Play
1Alexander BarabanovLogan CoutureKevin Labanc0056056%9:00
2Danil GushchinMikael GranlundJesse Ylonen0054044%7:05
Power Play Defense
Line #DefenseDefensePHYDFOFWanted %Time %Time Play
1Rasmus DahlinMarc-Edouard Vlasic0146065%10:24
2Mario FerraroEthan Bear0144035%5:41
Penalty Kill 4 Players Forward
Line #CenterWingPHYDFOFWanted %Time %Time Play
1Logan CoutureAlexander Barabanov0506081%4:02
2Mikael GranlundDanil Gushchin0504019%0:57
Penalty Kill 4 Players Defense
Line #DefenseDefensePHYDFOFWanted %Time %Time Play
1Rasmus DahlinMarc-Edouard Vlasic0505048%2:23
2Mario FerraroEthan Bear0505052%2:36
Penalty Kill 3 Players
Line #WingPHYDFOFWanted %Time %Time PlayDefenseDefensePHYDFOFWanted %Time %Time Play
1Logan Couture050600%0:00 Rasmus DahlinMarc-Edouard Vlasic050500%0:00
2Mikael Granlund050400%0:00 Mario FerraroEthan Bear050500%0:00
4 vs 4 Forward
Line #CenterWingPHYDFOFWanted %Time %Time Play
1Logan CoutureAlexander Barabanov122600%0:00
2Mikael GranlundDanil Gushchin122400%0:00
4 vs 4 Defense
Line #DefensePHYDFOFWanted %Time %Time Play
1Rasmus DahlinMarc-Edouard Vlasic122600%0:00
2Mario FerraroEthan Bear122400%0:00
Last Minutes Offensive
Left WingCenterRight WingDefenseDefense
Alexander BarabanovLogan CoutureKevin LabancRasmus DahlinMarc-Edouard Vlasic
Last Minutes Defensive
Left WingCenterRight WingDefenseDefense
Alexander BarabanovLogan CoutureKevin LabancRasmus DahlinMarc-Edouard Vlasic
Time
Total ForwardTotal DefenseLast Minutes OffensiveLast Minutes Defensive
60:00 60:00 0:001:01
Extra Forwards
Normal PowerPlayPenalty Kill
Mike Hoffman, Kevin Labanc, Nico SturmMike Hoffman, Kevin LabancMike Hoffman
Extra Defensemen
Normal PowerPlayPenalty Kill
Ethan Bear, Jan Rutta, Nikita OkhotiukEthan Bear, Ethan BearJan Rutta
Penalty Shots
Logan Couture, Alexander Barabanov, Mikael Granlund, Danil Gushchin, Mike Hoffman
Goalie
Martin Jones, Kaapo Kahkonen
Custom OT Lines Forwards
Logan Couture, Alexander Barabanov, Mikael Granlund, Danil Gushchin, Mike Hoffman, Kevin Labanc, Nico Sturm, Luke Kunin, Jesse Ylonen, Fabian Zetterlund
Custom OT Lines Defensemen
Rasmus Dahlin, Marc-Edouard Vlasic, Mario Ferraro, Ethan Bear, Jan Rutta
Scratches
Ty Emberson (Healthy), Nikolai Knyzhov (Right Knee Injury)


Play-by-Play

1st period


0:01 of 1st period - Logan Couture wins face-off versus Alex Killorn in neutral zone.
0:30 of 1st period - Cam Fowler is hit by Rasmus Dahlin and loses puck.
1:21 of 1st period - Snap shot by Mike Hoffman.
1:21 of 1st period - Deflect By Jakob Silfverberg.
1:21 of 1st period - Stopped by John Gibson with a rebound.
1:49 of 1st period - Snap shot by Mike Hoffman.
1:49 of 1st period - Goal by Mike Hoffman - Anaheim Ducks : 0 - San Jose Sharks : 1.
1:50 of 1st period - Logan Couture wins face-off versus Alex Killorn in neutral zone.
1:53 of 1st period - Wrist shot by Alexander Barabanov.
1:53 of 1st period - Shot Misses the Net.
2:50 of 1st period - Luke Kunin is hit by Ross Johnston.
2:54 of 1st period - Wrist shot by Luke Kunin.
2:54 of 1st period - Stopped by John Gibson with a rebound.
3:28 of 1st period - Icing by Troy Terry.
3:29 of 1st period - Alex Killorn wins face-off versus Mikael Granlund in Anaheim Ducks zone.
3:38 of 1st period - Urho Vaakanainen is hit by Mikael Granlund and loses puck.
4:50 of 1st period - Snap shot by Mikael Granlund.
4:50 of 1st period - Shot Misses the Net.
5:10 of 1st period - Snap shot by Logan Couture.
5:10 of 1st period - Stopped by John Gibson with a rebound.
5:24 of 1st period - Wrist shot by Frank Vatrano.
5:24 of 1st period - Stopped by Martin Jones without a rebound.
5:25 of 1st period - Adam Henrique wins face-off versus Mikael Granlund in San Jose Sharks zone.
5:49 of 1st period - Minor Penalty to Nikita Okhotiuk for Hooking.
5:50 of 1st period - Adam Henrique wins face-off versus Logan Couture in San Jose Sharks zone.
5:51 of 1st period - Slapshot by Cam Fowler.
5:51 of 1st period - Stopped by Martin Jones with a rebound.
5:53 of 1st period - Snap shot by Frank Vatrano.
5:53 of 1st period - Stopped by Martin Jones with a rebound.
5:55 of 1st period - Slapshot by Radko Gudas.
5:55 of 1st period - Stopped by Martin Jones without a rebound.
5:56 of 1st period - Logan Couture wins face-off versus Adam Henrique in San Jose Sharks zone.
7:00 of 1st period - Mario Ferraro is hit by Ilya Lyubushkin and loses puck.
7:49 of 1st period - Penalty to Nikita Okhotiuk is over, Nikita Okhotiuk is back on ice.
9:21 of 1st period - Rasmus Dahlin is hit by Frank Vatrano and loses puck.
10:16 of 1st period - Michael Stone is hit by Givani Smith.
10:22 of 1st period - Nico Sturm is hit by Radko Gudas and loses puck.
10:34 of 1st period - Minor Penalty to Ross Johnston for Hooking.
10:35 of 1st period - Logan Couture wins face-off versus Frank Vatrano in Anaheim Ducks zone.
10:35 of 1st period - Backhand shot by Alexander Barabanov.
10:35 of 1st period - Shot Misses the Net.
10:37 of 1st period - Snap shot by Rasmus Dahlin.
10:37 of 1st period - Shot Blocked by Troy Terry.
10:39 of 1st period - Wrist shot by Alexander Barabanov.
10:39 of 1st period - Stopped by John Gibson without a rebound.
10:40 of 1st period - Logan Couture wins face-off versus Troy Terry in Anaheim Ducks zone.
11:11 of 1st period - Wrist shot by Danil Gushchin.
11:11 of 1st period - Deflect By Mikael Granlund.
11:11 of 1st period - Stopped by John Gibson without a rebound.
11:12 of 1st period - Frank Vatrano wins face-off versus Logan Couture in Anaheim Ducks zone.
11:12 of 1st period - Frank Vatrano is hit by Logan Couture.
11:36 of 1st period - Danil Gushchin is hit by Frank Vatrano and loses puck.
11:43 of 1st period - Michael Stone is hit by Mario Ferraro and loses puck.
12:34 of 1st period - Penalty to Ross Johnston is over, Ross Johnston is back on ice.
13:04 of 1st period - Slapshot by Ryan Strome.
13:04 of 1st period - Shot Misses the Net.
13:06 of 1st period - Snap shot by Brock McGinn.
13:06 of 1st period - Stopped by Martin Jones with a rebound.
13:56 of 1st period - Minor Penalty to Ross Johnston for Roughing.
13:57 of 1st period - Kevin Labanc wins face-off versus Frank Vatrano in Anaheim Ducks zone.
13:58 of 1st period - Snap shot by Logan Couture.
13:58 of 1st period - Shot Misses the Net.
15:31 of 1st period - Logan Couture is hit by Andrew Agozzino and loses puck.
15:56 of 1st period - Penalty to Ross Johnston is over, Ross Johnston is back on ice.
16:34 of 1st period - Mike Hoffman is hit by Max Jones and loses puck.
17:32 of 1st period - Fabian Zetterlund is hit by Andrew Agozzino and loses puck.
17:51 of 1st period - Logan Couture is hit by Ilya Lyubushkin.
18:07 of 1st period - Snap shot by Troy Terry.
18:07 of 1st period - Stopped by Martin Jones without a rebound.
18:08 of 1st period - Mike Hoffman wins face-off versus Alex Killorn in San Jose Sharks zone.
19:13 of 1st period - Wrist shot by Brendan Gallagher.
19:13 of 1st period - Shot Misses the Net.
19:53 of 1st period - Nikita Okhotiuk is hit by Troy Terry and loses puck.
Goals for this period are 0 for Anaheim Ducks vs 1 for San Jose Sharks.
Shots for this period are 6 for Anaheim Ducks vs 6 for San Jose Sharks.

2nd period


0:01 of 2nd period - Logan Couture wins face-off versus Adam Henrique in neutral zone.
0:19 of 2nd period - Minor Penalty to Andrew Agozzino for Interference.
0:20 of 2nd period - Frank Vatrano wins face-off versus Logan Couture in Anaheim Ducks zone.
0:20 of 2nd period - Frank Vatrano is hit by Alexander Barabanov.
0:47 of 2nd period - Snap shot by Adam Henrique.
0:47 of 2nd period - Shot Blocked by Logan Couture.
0:49 of 2nd period - Wrist shot by Adam Henrique.
0:49 of 2nd period - Deflect By Ross Johnston.
0:49 of 2nd period - Shot Misses the Net.
0:49 of 2nd period - Puck is out of play.
0:50 of 2nd period - Mikael Granlund wins face-off versus Adam Henrique in San Jose Sharks zone.
1:16 of 2nd period - Michael Stone is hit by Kevin Labanc and loses puck.
1:21 of 2nd period - Slapshot by Rasmus Dahlin.
1:21 of 2nd period - Stopped by John Gibson without a rebound.
1:22 of 2nd period - Logan Couture wins face-off versus Frank Vatrano in Anaheim Ducks zone.
1:23 of 2nd period - Slapshot by Rasmus Dahlin.
1:23 of 2nd period - Deflect By Kevin Labanc.
1:23 of 2nd period - Shot Misses the Net.
1:23 of 2nd period - Puck is out of play.
1:24 of 2nd period - Frank Vatrano wins face-off versus Logan Couture in Anaheim Ducks zone.
2:19 of 2nd period - Penalty to Andrew Agozzino is over, Andrew Agozzino is back on ice.
2:29 of 2nd period - Snap shot by Frank Vatrano.
2:29 of 2nd period - Stopped by Martin Jones with a rebound.
2:31 of 2nd period - Wrist shot by Troy Terry.
2:31 of 2nd period - Shot Blocked by Mike Hoffman.
2:31 of 2nd period - Mike Hoffman from San Jose Sharks is injured at 2:31 of 2nd period (Sprained Left Knee).
2:32 of 2nd period - Adam Henrique wins face-off versus Logan Couture in San Jose Sharks zone.
2:35 of 2nd period - Snap shot by Andrew Agozzino.
2:35 of 2nd period - Stopped by Martin Jones with a rebound.
2:59 of 2nd period - Slapshot by Danil Gushchin.
2:59 of 2nd period - Stopped by John Gibson with a rebound.
3:01 of 2nd period - Wrist shot by Danil Gushchin.
3:01 of 2nd period - Stopped by John Gibson without a rebound.
3:02 of 2nd period - Alex Killorn wins face-off versus Mikael Granlund in Anaheim Ducks zone.
3:02 of 2nd period - Alex Killorn is hit by Mario Ferraro.
3:34 of 2nd period - Wrist shot by Danil Gushchin.
3:34 of 2nd period - Stopped by John Gibson with a rebound.
3:54 of 2nd period - Snap shot by Troy Terry.
3:54 of 2nd period - Stopped by Martin Jones with a rebound.
3:56 of 2nd period - Wrist shot by Ross Johnston.
3:56 of 2nd period - Shot Misses the Net.
3:58 of 2nd period - Snap shot by Alex Killorn.
3:58 of 2nd period - Shot Blocked by Mario Ferraro.
4:08 of 2nd period - Snap shot by Troy Terry.
4:08 of 2nd period - Stopped by Martin Jones without a rebound.
4:09 of 2nd period - Logan Couture wins face-off versus Adam Henrique in San Jose Sharks zone.
4:17 of 2nd period - Minor Penalty to Rasmus Dahlin for Tripping.
4:18 of 2nd period - Logan Couture wins face-off versus Adam Henrique in San Jose Sharks zone.
4:48 of 2nd period - Off-side.
4:49 of 2nd period - Alex Killorn wins face-off versus Logan Couture in neutral zone.
4:54 of 2nd period - Wrist shot by Alex Killorn.
4:54 of 2nd period - Deflect By Alexander Barabanov.
4:54 of 2nd period - Stopped by Martin Jones with a rebound.
4:56 of 2nd period - Slapshot by Michael Stone.
4:56 of 2nd period - Shot Misses the Net.
5:14 of 2nd period - Danil Gushchin is hit by Andrew Agozzino and loses puck.
5:31 of 2nd period - Wrist shot by Troy Terry.
5:31 of 2nd period - Shot Misses the Net.
6:17 of 2nd period - Penalty to Rasmus Dahlin is over, Rasmus Dahlin is back on ice.
6:52 of 2nd period - Wrist shot by Fabian Zetterlund.
6:52 of 2nd period - Shot Blocked by Nathan Beaulieu.
6:54 of 2nd period - Wrist shot by Mario Ferraro.
6:54 of 2nd period - Deflect By Andrew Agozzino.
6:54 of 2nd period - Stopped by John Gibson with a rebound.
6:56 of 2nd period - Wrist shot by Fabian Zetterlund.
6:56 of 2nd period - Stopped by John Gibson with a rebound.
6:58 of 2nd period - Wrist shot by Kevin Labanc.
6:58 of 2nd period - Deflect By Fabian Zetterlund.
6:58 of 2nd period - Shot Blocked by Nathan Beaulieu.
6:58 of 2nd period - Puck is out of play.
6:59 of 2nd period - Kevin Labanc wins face-off versus Isac Lundestrom in Anaheim Ducks zone.
7:05 of 2nd period - Minor Penalty to Radko Gudas for Interference.
7:06 of 2nd period - Frank Vatrano wins face-off versus Logan Couture in Anaheim Ducks zone.
7:14 of 2nd period - Slapshot by Logan Couture.
7:14 of 2nd period - Shot Misses the Net.
7:22 of 2nd period - Slapshot by Rasmus Dahlin.
7:22 of 2nd period - Shot Blocked by Troy Terry.
7:57 of 2nd period - Snap shot by Andrew Agozzino.
7:57 of 2nd period - Stopped by Martin Jones without a rebound.
7:58 of 2nd period - Logan Couture wins face-off versus Frank Vatrano in San Jose Sharks zone.
8:07 of 2nd period - Wrist shot by Kevin Labanc.
8:07 of 2nd period - Goal by Kevin Labanc - Anaheim Ducks : 0 - San Jose Sharks : 2.
8:08 of 2nd period - Logan Couture wins face-off versus Adam Henrique in neutral zone.
8:35 of 2nd period - Troy Terry is hit by Marc-Edouard Vlasic and loses puck.
9:02 of 2nd period - Jakob Silfverberg is hit by Mario Ferraro and loses puck.
9:33 of 2nd period - Slapshot by Cam Fowler.
9:33 of 2nd period - Stopped by Martin Jones with a rebound.
9:35 of 2nd period - Wrist shot by Frank Vatrano.
9:35 of 2nd period - Stopped by Martin Jones with a rebound.
9:37 of 2nd period - Wrist shot by Andrew Agozzino.
9:37 of 2nd period - Shot Misses the Net.
9:39 of 2nd period - Snap shot by Frank Vatrano.
9:39 of 2nd period - Stopped by Martin Jones with a rebound.
9:41 of 2nd period - Slapshot by Frank Vatrano.
9:41 of 2nd period - Shot Misses the Net.
9:43 of 2nd period - Wrist shot by Andrew Agozzino.
9:43 of 2nd period - Shot Misses the Net.
9:45 of 2nd period - Slapshot by Adam Henrique.
9:45 of 2nd period - Shot Blocked by Nikita Okhotiuk.
9:47 of 2nd period - Snap shot by Adam Henrique.
9:47 of 2nd period - Goal by Adam Henrique - Anaheim Ducks : 1 - San Jose Sharks : 2.
9:48 of 2nd period - Logan Couture wins face-off versus Alex Killorn in neutral zone.
9:50 of 2nd period - Off-side.
9:51 of 2nd period - Logan Couture wins face-off versus Alex Killorn in neutral zone.
9:56 of 2nd period - Wrist shot by Alexander Barabanov.
9:56 of 2nd period - Shot Blocked by Troy Terry.
9:58 of 2nd period - Backhand shot by Alexander Barabanov.
9:58 of 2nd period - San Jose Sharks goal is going for a video replay.
9:58 of 2nd period - The goal is refused. The net was displaced accidentally..
9:59 of 2nd period - Adam Henrique wins face-off versus Logan Couture in Anaheim Ducks zone.
10:06 of 2nd period - Snap shot by Logan Couture.
10:06 of 2nd period - Stopped by John Gibson without a rebound.
10:07 of 2nd period - Logan Couture wins face-off versus Adam Henrique in Anaheim Ducks zone.
10:18 of 2nd period - Backhand shot by Rasmus Dahlin.
10:18 of 2nd period - Stopped by John Gibson without a rebound.
10:19 of 2nd period - Alex Killorn wins face-off versus Logan Couture in Anaheim Ducks zone.
11:14 of 2nd period - Ilya Lyubushkin is hit by Mario Ferraro and loses puck.
11:33 of 2nd period - Radko Gudas is hit by Luke Kunin and loses puck.
11:45 of 2nd period - Minor Penalty to Max Jones for Delaying the game.
11:46 of 2nd period - Logan Couture wins face-off versus Frank Vatrano in Anaheim Ducks zone.
12:02 of 2nd period - Snap shot by Alexander Barabanov.
12:02 of 2nd period - Deflect By Logan Couture.
12:02 of 2nd period - Stopped by John Gibson without a rebound.
12:03 of 2nd period - Frank Vatrano wins face-off versus Mikael Granlund in Anaheim Ducks zone.
12:30 of 2nd period - Frank Vatrano is hit by Kevin Labanc.
12:34 of 2nd period - Frank Vatrano is hit by Logan Couture and loses puck.
13:16 of 2nd period - Icing by Logan Couture.
13:17 of 2nd period - Adam Henrique wins face-off versus Logan Couture in San Jose Sharks zone.
13:36 of 2nd period - Snap shot by Danil Gushchin.
13:36 of 2nd period - Stopped by John Gibson without a rebound.
13:37 of 2nd period - Mikael Granlund wins face-off versus Frank Vatrano in Anaheim Ducks zone.
13:44 of 2nd period - Wrist shot by Danil Gushchin.
13:44 of 2nd period - Stopped by John Gibson without a rebound.
13:45 of 2nd period - Penalty to Max Jones is over, Max Jones is back on ice.
13:45 of 2nd period - Logan Couture wins face-off versus Alex Killorn in Anaheim Ducks zone.
14:19 of 2nd period - Slapshot by Danil Gushchin.
14:19 of 2nd period - Stopped by John Gibson without a rebound.
14:20 of 2nd period - Alex Killorn wins face-off versus Logan Couture in Anaheim Ducks zone.
14:32 of 2nd period - Icing by Ilya Lyubushkin.
14:33 of 2nd period - Logan Couture wins face-off versus Alex Killorn in Anaheim Ducks zone.
14:52 of 2nd period - Wrist shot by Alex Killorn.
14:52 of 2nd period - Shot Misses the Net.
14:54 of 2nd period - Slapshot by Ilya Lyubushkin.
14:54 of 2nd period - Shot Blocked by Logan Couture.
14:56 of 2nd period - Snap shot by Ross Johnston.
14:56 of 2nd period - Stopped by Martin Jones without a rebound.
14:57 of 2nd period - Mikael Granlund wins face-off versus Adam Henrique in San Jose Sharks zone.
14:57 of 2nd period - Mikael Granlund is hit by Radko Gudas.
15:04 of 2nd period - Off-side.
15:05 of 2nd period - Adam Henrique wins face-off versus Mikael Granlund in neutral zone.
15:08 of 2nd period - Slapshot by Cam Fowler.
15:08 of 2nd period - Shot Blocked by Jan Rutta.
15:10 of 2nd period - Slapshot by Radko Gudas.
15:10 of 2nd period - Stopped by Martin Jones without a rebound.
15:11 of 2nd period - Alex Killorn wins face-off versus Logan Couture in San Jose Sharks zone.
15:16 of 2nd period - Wrist shot by Alex Killorn.
15:16 of 2nd period - Deflect By Rasmus Dahlin.
15:16 of 2nd period - Shot Misses the Net.
15:16 of 2nd period - Puck is out of play.
15:17 of 2nd period - Logan Couture wins face-off versus Alex Killorn in San Jose Sharks zone.
15:22 of 2nd period - Slapshot by Rasmus Dahlin.
15:22 of 2nd period - Shot Blocked by Radko Gudas.
15:36 of 2nd period - Radko Gudas is hit by Logan Couture and loses puck.
15:48 of 2nd period - Slapshot by Alex Killorn.
15:48 of 2nd period - Goal by Alex Killorn - Anaheim Ducks : 2 - San Jose Sharks : 2.
15:49 of 2nd period - Logan Couture wins face-off versus Adam Henrique in neutral zone.
16:05 of 2nd period - Icing by Michael Stone.
16:06 of 2nd period - Mikael Granlund wins face-off versus Adam Henrique in Anaheim Ducks zone.
16:19 of 2nd period - Wrist shot by Mikael Granlund.
16:19 of 2nd period - Shot Misses the Net.
17:19 of 2nd period - Jan Rutta is hit by Isac Lundestrom and loses puck.
18:28 of 2nd period - Wrist shot by Alex Killorn.
18:28 of 2nd period - Goal by Alex Killorn - Anaheim Ducks : 3 - San Jose Sharks : 2.
18:29 of 2nd period - Logan Couture wins face-off versus Adam Henrique in neutral zone.
18:57 of 2nd period - Wrist shot by Troy Terry.
18:57 of 2nd period - Shot Misses the Net.
19:26 of 2nd period - Snap shot by Jakob Silfverberg.
19:26 of 2nd period - Stopped by Martin Jones with a rebound.
19:28 of 2nd period - Wrist shot by Brock McGinn.
19:28 of 2nd period - Shot Misses the Net.
19:30 of 2nd period - Wrist shot by Ryan Strome.
19:30 of 2nd period - Stopped by Martin Jones without a rebound.
19:31 of 2nd period - Adam Henrique wins face-off versus Kevin Labanc in San Jose Sharks zone.
19:34 of 2nd period - Slapshot by Frank Vatrano.
19:34 of 2nd period - Stopped by Martin Jones with a rebound.
19:39 of 2nd period - Rasmus Dahlin is hit by Ilya Lyubushkin and loses puck.
Goals for this period are 3 for Anaheim Ducks vs 1 for San Jose Sharks.
Shots for this period are 17 for Anaheim Ducks vs 14 for San Jose Sharks.

3rd period


0:01 of 3rd period - Alex Killorn wins face-off versus Alexander Barabanov in neutral zone.
0:08 of 3rd period - Wrist shot by Alex Killorn.
0:08 of 3rd period - Shot Misses the Net.
0:10 of 3rd period - Snap shot by Alex Killorn.
0:10 of 3rd period - Stopped by Martin Jones without a rebound.
0:11 of 3rd period - Logan Couture wins face-off versus Alex Killorn in San Jose Sharks zone.
0:22 of 3rd period - Slapshot by Troy Terry.
0:22 of 3rd period - Stopped by Martin Jones without a rebound.
0:23 of 3rd period - Adam Henrique wins face-off versus Logan Couture in San Jose Sharks zone.
0:57 of 3rd period - Snap shot by Logan Couture.
0:57 of 3rd period - Shot Misses the Net.
0:59 of 3rd period - Wrist shot by Alexander Barabanov.
0:59 of 3rd period - Shot Misses the Net.
1:07 of 3rd period - Icing by Ryan Strome.
1:08 of 3rd period - Mikael Granlund wins face-off versus Ryan Strome in Anaheim Ducks zone.
1:29 of 3rd period - Slapshot by Cam Fowler.
1:29 of 3rd period - Shot Misses the Net.
1:31 of 3rd period - Snap shot by Brock McGinn.
1:31 of 3rd period - Stopped by Martin Jones with a rebound.
1:33 of 3rd period - Wrist shot by Jakob Silfverberg.
1:33 of 3rd period - Shot Blocked by Jesse Ylonen.
1:55 of 3rd period - Wrist shot by Ryan Strome.
1:55 of 3rd period - Stopped by Martin Jones without a rebound.
1:56 of 3rd period - Alex Killorn wins face-off versus Logan Couture in San Jose Sharks zone.
3:17 of 3rd period - Slapshot by Danil Gushchin.
3:17 of 3rd period - Shot Misses the Net.
3:19 of 3rd period - Slapshot by Rasmus Dahlin.
3:19 of 3rd period - Deflect By Danil Gushchin.
3:19 of 3rd period - Goal by Danil Gushchin - Anaheim Ducks : 3 - San Jose Sharks : 3.
3:20 of 3rd period - Logan Couture wins face-off versus Alex Killorn in neutral zone.
3:25 of 3rd period - Snap shot by Alexander Barabanov.
3:25 of 3rd period - Deflect By Logan Couture.
3:25 of 3rd period - Stopped by John Gibson without a rebound.
3:26 of 3rd period - Logan Couture wins face-off versus Alex Killorn in Anaheim Ducks zone.
3:29 of 3rd period - Wrist shot by Logan Couture.
3:29 of 3rd period - Deflect By Alexander Barabanov.
3:29 of 3rd period - Shot Misses the Net.
3:29 of 3rd period - Puck is out of play.
3:30 of 3rd period - Logan Couture wins face-off versus Alex Killorn in Anaheim Ducks zone.
3:35 of 3rd period - Snap shot by Logan Couture.
3:35 of 3rd period - Stopped by John Gibson with a rebound.
3:37 of 3rd period - Slapshot by Mario Ferraro.
3:37 of 3rd period - Stopped by John Gibson with a rebound.
3:39 of 3rd period - Wrist shot by Logan Couture.
3:39 of 3rd period - Shot Misses the Net.
4:13 of 3rd period - Snap shot by Alexander Barabanov.
4:13 of 3rd period - Stopped by John Gibson with a rebound.
4:15 of 3rd period - Slapshot by Ethan Bear.
4:15 of 3rd period - Stopped by John Gibson without a rebound.
4:16 of 3rd period - Adam Henrique wins face-off versus Mikael Granlund in Anaheim Ducks zone.
4:16 of 3rd period - Adam Henrique is hit by Danil Gushchin.
5:29 of 3rd period - Slapshot by Adam Henrique.
5:29 of 3rd period - Deflect By Frank Vatrano.
5:29 of 3rd period - Shot Blocked by Mikael Granlund.
5:29 of 3rd period - Puck is out of play.
5:30 of 3rd period - Alex Killorn wins face-off versus Mikael Granlund in San Jose Sharks zone.
5:54 of 3rd period - Icing by Brock McGinn.
5:55 of 3rd period - Ryan Strome wins face-off versus Fabian Zetterlund in Anaheim Ducks zone.
5:55 of 3rd period - Ryan Strome is hit by Nikita Okhotiuk.
6:03 of 3rd period - Slapshot by Kevin Labanc.
6:03 of 3rd period - Stopped by John Gibson without a rebound.
6:04 of 3rd period - Logan Couture wins face-off versus Alex Killorn in Anaheim Ducks zone.
6:05 of 3rd period - Slapshot by Alexander Barabanov.
6:05 of 3rd period - Deflect By Logan Couture.
6:05 of 3rd period - Shot Misses the Net.
6:05 of 3rd period - Puck is out of play.
6:06 of 3rd period - Logan Couture wins face-off versus Alex Killorn in Anaheim Ducks zone.
6:17 of 3rd period - Snap shot by Logan Couture.
6:17 of 3rd period - Stopped by John Gibson without a rebound.
6:18 of 3rd period - Alex Killorn wins face-off versus Mikael Granlund in Anaheim Ducks zone.
6:18 of 3rd period - Alex Killorn is hit by Marc-Edouard Vlasic.
6:26 of 3rd period - Slapshot by Cam Fowler.
6:26 of 3rd period - Shot Misses the Net.
6:28 of 3rd period - Wrist shot by Ross Johnston.
6:28 of 3rd period - Shot Misses the Net.
6:40 of 3rd period - Minor Penalty to Rasmus Dahlin for High sticking.
6:41 of 3rd period - Logan Couture wins face-off versus Alex Killorn in San Jose Sharks zone.
7:06 of 3rd period - Ethan Bear is hit by Ryan Strome and loses puck.
7:41 of 3rd period - Wrist shot by Troy Terry.
7:41 of 3rd period - Goal by Troy Terry - Anaheim Ducks : 4 - San Jose Sharks : 3.
7:42 of 3rd period - Andrew Agozzino wins face-off versus Danil Gushchin in neutral zone.
7:45 of 3rd period - Wrist shot by Adam Henrique.
7:45 of 3rd period - Shot Blocked by Jesse Ylonen.
7:55 of 3rd period - Snap shot by Danil Gushchin.
7:55 of 3rd period - Stopped by John Gibson with a rebound.
7:59 of 3rd period - Slapshot by Danil Gushchin.
7:59 of 3rd period - Stopped by John Gibson without a rebound.
8:00 of 3rd period - Kevin Labanc wins face-off versus Isac Lundestrom in Anaheim Ducks zone.
8:04 of 3rd period - Double Minor Penalty to Radko Gudas for Roughing.
8:05 of 3rd period - Logan Couture wins face-off versus Frank Vatrano in Anaheim Ducks zone.
8:09 of 3rd period - Slapshot by Rasmus Dahlin.
8:09 of 3rd period - Deflect By Frank Vatrano.
8:09 of 3rd period - Stopped by John Gibson with a rebound.
9:56 of 3rd period - Cam Fowler is hit by Kevin Labanc and loses puck.
10:13 of 3rd period - Andrew Agozzino is hit by Fabian Zetterlund and loses puck.
10:24 of 3rd period - Michael Stone is hit by Fabian Zetterlund and loses puck.
12:01 of 3rd period - Icing by Luke Kunin.
12:02 of 3rd period - Frank Vatrano wins face-off versus Luke Kunin in San Jose Sharks zone.
12:04 of 3rd period - Penalty to Radko Gudas is over, Radko Gudas is back on ice.
12:17 of 3rd period - Wrist shot by Ryan Strome.
12:17 of 3rd period - Stopped by Martin Jones without a rebound.
12:18 of 3rd period - Ryan Strome wins face-off versus Nico Sturm in San Jose Sharks zone.
12:19 of 3rd period - Snap shot by Jakob Silfverberg.
12:19 of 3rd period - Stopped by Martin Jones without a rebound.
12:20 of 3rd period - Ryan Strome wins face-off versus Nico Sturm in San Jose Sharks zone.
12:28 of 3rd period - Minor Penalty to Ryan Strome for High sticking.
12:29 of 3rd period - Logan Couture wins face-off versus Frank Vatrano in Anaheim Ducks zone.
12:55 of 3rd period - Adam Henrique is hit by Danil Gushchin and loses puck.
13:08 of 3rd period - Snap shot by Danil Gushchin.
13:08 of 3rd period - Shot Misses the Net.
13:24 of 3rd period - Adam Henrique is hit by Mario Ferraro.
13:49 of 3rd period - Jesse Ylonen is hit by Troy Terry and loses puck.
14:28 of 3rd period - Penalty to Ryan Strome is over, Ryan Strome is back on ice.
14:37 of 3rd period - Slapshot by Luke Kunin.
14:37 of 3rd period - Goal by Luke Kunin - Anaheim Ducks : 4 - San Jose Sharks : 4.
14:38 of 3rd period - Mikael Granlund wins face-off versus Alex Killorn in neutral zone.
15:05 of 3rd period - Mikael Granlund is hit by Radko Gudas and loses puck.
15:44 of 3rd period - Snap shot by Filip Zadina.
15:44 of 3rd period - Deflect By Brendan Gallagher.
15:44 of 3rd period - Stopped by John Gibson with a rebound.
16:02 of 3rd period - Wrist shot by Alex Killorn.
16:02 of 3rd period - Deflect By Nico Sturm.
16:02 of 3rd period - Stopped by Martin Jones without a rebound.
16:03 of 3rd period - Kevin Labanc wins face-off versus Ryan Strome in San Jose Sharks zone.
16:14 of 3rd period - Snap shot by Jakob Silfverberg.
16:14 of 3rd period - Shot Misses the Net.
16:16 of 3rd period - Backhand shot by Urho Vaakanainen.
16:16 of 3rd period - Deflect By Jakob Silfverberg.
16:16 of 3rd period - Shot Misses the Net.
16:16 of 3rd period - Puck is out of play.
16:17 of 3rd period - Ryan Strome wins face-off versus Kevin Labanc in San Jose Sharks zone.
16:38 of 3rd period - Minor Penalty to Radko Gudas for Slashing.
16:39 of 3rd period - Logan Couture wins face-off versus Frank Vatrano in Anaheim Ducks zone.
16:52 of 3rd period - Slapshot by Logan Couture.
16:52 of 3rd period - Stopped by John Gibson with a rebound.
17:10 of 3rd period - Wrist shot by Rasmus Dahlin.
17:10 of 3rd period - Stopped by John Gibson with a rebound.
17:12 of 3rd period - Wrist shot by Danil Gushchin.
17:12 of 3rd period - Stopped by John Gibson without a rebound.
17:13 of 3rd period - Jesse Ylonen wins face-off versus Frank Vatrano in Anaheim Ducks zone.
17:26 of 3rd period - Mario Ferraro is hit by Troy Terry and loses puck.
17:36 of 3rd period - Minor Penalty to Frank Vatrano for Cross-checking.
17:37 of 3rd period - Logan Couture wins face-off versus Adam Henrique in Anaheim Ducks zone.
17:38 of 3rd period - Snap shot by Rasmus Dahlin.
17:38 of 3rd period - Goal by Rasmus Dahlin - Anaheim Ducks : 4 - San Jose Sharks : 5.
17:39 of 3rd period - Logan Couture wins face-off versus Adam Henrique in neutral zone.
17:42 of 3rd period - Radko Gudas is hit by Alexander Barabanov and loses puck.
17:47 of 3rd period - Snap shot by Logan Couture.
17:47 of 3rd period - Goal by Logan Couture - Anaheim Ducks : 4 - San Jose Sharks : 6.
17:48 of 3rd period - Kevin Labanc wins face-off versus Ryan Strome in neutral zone.
17:51 of 3rd period - Jakob Silfverberg is hit by Nikita Okhotiuk.
18:36 of 3rd period - Wrist shot by Alex Killorn.
18:36 of 3rd period - Goal by Alex Killorn - Anaheim Ducks : 5 - San Jose Sharks : 6.
18:37 of 3rd period - Ryan Strome wins face-off versus Kevin Labanc in neutral zone.
18:44 of 3rd period - Snap shot by Jakob Silfverberg.
18:44 of 3rd period - Stopped by Martin Jones without a rebound.
18:45 of 3rd period - John Rishea call a timeout for Anaheim Ducks.
18:45 of 3rd period - Ryan Strome wins face-off versus Kevin Labanc in San Jose Sharks zone.
18:50 of 3rd period - Snap shot by Cam Fowler.
18:50 of 3rd period - Stopped by Martin Jones with a rebound.
18:52 of 3rd period - Snap shot by Ryan Strome.
18:52 of 3rd period - Shot Misses the Net.
18:54 of 3rd period - Slapshot by Radko Gudas.
18:54 of 3rd period - Shot Misses the Net.
18:56 of 3rd period - Slapshot by Radko Gudas.
18:56 of 3rd period - Stopped by Martin Jones with a rebound.
18:58 of 3rd period - Slapshot by Cam Fowler.
18:58 of 3rd period - Stopped by Martin Jones without a rebound.
18:59 of 3rd period - Logan Couture wins face-off versus Alex Killorn in San Jose Sharks zone.
19:03 of 3rd period - Off-side.
19:04 of 3rd period - Logan Couture wins face-off versus Alex Killorn in neutral zone.
19:09 of 3rd period - Snap shot by Logan Couture.
19:09 of 3rd period - Deflect By Alexander Barabanov.
19:09 of 3rd period - Stopped by John Gibson without a rebound.
19:10 of 3rd period - Logan Couture wins face-off versus Alex Killorn in Anaheim Ducks zone.
19:11 of 3rd period - Slapshot by Alexander Barabanov.
19:11 of 3rd period - Shot Misses the Net.
19:21 of 3rd period - Anaheim Ducks, John Gibson is pulled from the net.
19:37 of 3rd period - Wrist shot by Troy Terry.
19:37 of 3rd period - Shot Misses the Net.
19:57 of 3rd period - Wrist shot by Troy Terry.
19:57 of 3rd period - Stopped by Martin Jones with a rebound.
19:59 of 3rd period - Wrist shot by Ross Johnston.
19:59 of 3rd period - Stopped by Martin Jones with a rebound.
Goals for this period are 2 for Anaheim Ducks vs 4 for San Jose Sharks.
Shots for this period are 15 for Anaheim Ducks vs 19 for San Jose Sharks.